Map: 카이로스 정션 - 래더

Players

PartinG

  • Race: Protoss Protoss
  • League: Master
  • Spawn Location: 11:00

lllllllllll (sOs) - Winner!

  • Race: Protoss Protoss
  • League: Master
  • Spawn Location: 5:00

Event: IEM Season 13 - Katowice Server Qualifiers Asia 2

VOD

Have the link to the VOD?

Description

Time

  • Played on: Jan. 22, 2019, 4:25 a.m.
  • Length: 4:47

All games in this series

Show
View Real Time Build Order
Export as new Build Order

PartinG Protoss 

Build Orders: Dark Templar Rush 

Get SALT Encoding   

  12  0:00  Probe  
  13  0:12  Probe  
  14  0:17  Pylon  
  14  0:24  Probe  
  15  0:32  Probe  
  15  0:36  Gateway  
  15  0:40  Probe  
  16  0:46  Assimilator  
  17  0:50  Probe  
  17  0:54  Assimilator  
  18  0:58  Probe  
  19  1:06  Probe  
  19  1:07  Gateway  
  20  1:17  Probe  
  20  1:24  Cybernetics Core  
  21  1:29  Probe  
  22  1:36  Pylon  
  22  1:41  Probe  
  23  1:48  Warp Gate  
  23  2:01  Twilight Council  
  23  2:05  Adept  
  25  2:12  Adept  
  27  2:15  Probe  
  28  2:33  Adept  
  29  2:38  Dark Shrine  
  29  2:39  Adept  
  31  2:47  Pylon  
  31  3:00  Gateway  
  28  3:17  Probe  
  26  3:29  Probe  
  25  3:40  Pylon  
  25  3:42  Probe  
  26  3:52  Dark Templar x2  
  29  3:59  Shield Battery  
  29  4:00  Pylon  
  29  4:07  Dark Templar  
  31  4:11  Pylon  
  24  4:28  Dark Templar  
Show
View Real Time Build Order
Export as new Build Order

lllllllllll Protoss - Winner!

Build Orders:  

Get SALT Encoding   

  12  0:00  Probe  
  13  0:12  Probe  
  14  0:17  Pylon  
  14  0:24  Probe  
  15  0:32  Probe  
  15  0:39  Gateway  
  15  0:40  Probe  
  16  0:46  Assimilator  
  17  0:51  Probe  
  17  0:54  Assimilator  
  18  0:59  Probe  
  19  1:07  Probe  
  19  1:10  Gateway  
  20  1:17  Probe  
  21  1:26  Cybernetics Core  
  21  1:29  Probe  
  22  1:33  Pylon  
  22  1:41  Probe  
  23  1:48  Warp Gate  
  23  1:53  Probe  
  23  2:02  Adept x2  
  23  2:04  Pylon  
  27  2:16  Probe  
  28  2:29  Stalker x2  
  32  2:40  Gateway  
  32  2:59  Stalker x2  
  36  3:19  Probe  
  31  3:29  Pylon  
  31  3:30  Shield Battery  
  31  3:31  Probe  
  29  3:42  Robotics Facility  
  29  3:51  Stalker x2  
  29  3:52  Stalker  
  34  3:57  Probe  
  35  4:03  Pylon  
  35  4:09  Probe  
  36  4:19  Sentry  
  36  4:21  Probe  
  36  4:22  Observer  
  38  4:40  Sentry, Adept  
  38  4:42  Adept  

Tags
 
Add a new tag
Caveats
  • Supply blocks, unpowered buildings, or Contaminate may cause inaccurate times.
  • Supply counts are checked every 10 seconds.